 Dungeon Crawl Stone Soup version 0.21.3-3-g218456f21e (webtiles) character file.

182 BrokenGlass the Insei (level 5, -12/37 HPs)
             Began as an Octopode Monk on Apr 18, 2023.
             Mangled by an ogre
             ... wielding a +0 giant club
              (14 damage)
             ... on level 4 of the Dungeon.
             The game lasted 00:03:29 (2022 turns).

BrokenGlass the Insei (Octopode Monk)               Turns: 2022, Time: 00:03:30

Health: -12/37     AC:  1    Str:  9 (11) XL:     5   Next: 61%
Magic:  5/5        EV: 14    Int: 10 (13) God:
Gold:   99         SH:  0    Dex: 12 (14) Spells: 4/4 levels left

rFire    . . .     SeeInvis .     - Unarmed
rCold    . . .     Gourm    .   (no shield)
rNeg     . . .     Faith    .   (helmet restricted)
rPois    .         Spirit   .   (no amulet)
rElec    .         Reflect  .   (no ring)
rCorr    .         Harm     .   (no ring)
MR       .....                  (no ring)
Stlth    +++.......             (no ring)
HPRegen  0.12/turn              (no ring)
MPRegen  0.09/turn              (no ring)
                                (no ring)
                                (no ring)

@: about to teleport
A: almost no armour, stealthy swim, amphibious, 8 rings, constrict 8, camouflage
1, gelatinous body 1
a: no special abilities


You were on level 4 of the Dungeon.
You were very hungry.

You visited 1 branch of the dungeon, and saw 4 of its levels.

You collected 99 gold pieces.

Inventory:

Hand Weapons
 a - a +1 dagger of electrocution
Missiles
 b - 117 stones (quivered)
 e - 68 arrows
 g - 23 poisoned needles
 j - 7 needles of sleeping
Scrolls
 d - 3 scrolls of identify
 f - 2 scrolls of enchant weapon
 m - a scroll of remove curse
Potions
 k - a potion of degeneration
Comestibles
 c - 5 rations


   Skills:
 + Level 4.2 Fighting
 - Level 3.0 Dodging
 - Level 2.6 Stealth
 * Level 5.3 Unarmed Combat


You had 4 spell levels left.
You didn't know any spells.

Dungeon Overview and Level Annotations

Branches:
Dungeon (4/15)
 Temple: D:4-7

Altars:


Innate Abilities, Weirdness & Mutations

You cannot wear most types of armour.
You are very stealthy in the water. (Stealth+)
You are amphibious.
You can wear up to eight rings at the same time.
You can use your tentacles to constrict eight enemies at once.
Your skin changes colour to match your surroundings (Stealth+).
Your rubbery body absorbs attacks. (AC +1, EV +1)


Message History

You aren't carrying any items that you can evoke.
Unknown command.
Okay, then.
As you read the scroll labeled ORCHAU HUOCVAP, it crumbles to dust.
It is a scroll of identify.
f - 2 scrolls of enchant weapon The ogre misses you.
Unknown command.
Okay, then.
As you read the scroll labeled UMEISHUEGE, it crumbles to dust.
You feel strangely unstable.
It was a scroll of teleportation.
The ogre barely misses you. The hound barely misses you.
Unknown command.
Okay, then.
The hound barely misses you.
Unknown command.
The hound bites you.
* * * LOW HITPOINT WARNING * * *
The ogre hits you with a giant club!
You die...

#...##.#
#.#....#.#
#.#..#.# #.#..#.#
#.#..#.# #.#..#.#
#.#..#.# #h#..#O#
#@#..#O# #O#..#.#
#Z#..#O####
#.#..#....#
#.#..####.#
#.#..####.###
#.#Z....h...#
######.#..####)#.#
..........## #.#.#


You could see an ogre, a hound and a centaur skeleton.

Vanquished Creatures
  The ghost of iamserjio the Ruffian, a weakling OgTm (D:3)
  A howler monkey (D:3)
  3 adders
  2 worms
  2 dart slugs
  2 leopard geckos
  An orc (D:4)
  7 bats
  3 giant cockroaches
  11 goblins
  5 hobgoblins
  2 quokkas
  4 frilled lizards
  6 kobolds
  10 rats
60 creatures vanquished.

Notes
Turn   | Place    | Note
-------+----------+-------------------------------------------
     0 | D:1      | BrokenGlass the Octopode Monk began the quest for the Orb.
     0 | D:1      | Reached XP level 1. HP: 16/16 MP: 1/1
   119 | D:1      | Reached XP level 2. HP: 19/21 MP: 2/2
   232 | D:1      | Reached XP level 3. HP: 17/26 MP: 3/3
   548 | D:1      | Reached skill level 4 in Unarmed Combat
   978 | D:2      | Reached XP level 4. HP: 27/32 MP: 4/4
  1242 | D:3      | Noticed iamserjio's ghost (weakling OgTm)
  1261 | D:3      | Killed iamserjio's ghost
  1261 | D:3      | Reached skill level 5 in Unarmed Combat
  1261 | D:3      | Reached XP level 5. HP: 15/37 MP: 5/5
  1944 | D:4      | Noticed an ogre
  1949 | D:4      | Noticed an ogre
  1950 | D:4      | Noticed a phantom
  2006 | D:4      | Noticed an ogre
  2022 | D:4      | Mangled by an ogre

Skill      XL: |  1  2  3  4 |
---------------+-------------+-----
Unarmed Combat | 4 5 |  5.3
Fighting       | 4 |  4.2
Dodging        | |  3.0
Stealth        | |  2.6

Action                   |  1- 3 |  4- 6 || total
-------------------------+-------+-------++-------
Melee: Unarmed           |    82 |    47 ||   129
       Constrict         |    26 |    11 ||    37
       Tentacles         |    10 |    11 ||    21
       Punch             |     2 |     3 ||     5
  Use: Scroll            |       |     6 ||     6
       Potion            |       |     2 ||     2
 Stab: Sleeping          |     8 |     7 ||    15
       Distracted        |       |     1 ||     1
  Eat: Chunk             |       |     2 ||     2
Armor: Skin              |    11 |     2 ||    13
Dodge: Dodged            |    58 |    36 ||    94
